 Dungeon Crawl Stone Soup version 0.27.1-33-g824d729ab1 (webtiles) character file.

Game seed: 17097591826506774119

114 potato4science the Conjurer (level 4, -1/25 HPs)
             Began as a Deep Elf Conjurer on Dec 19, 2021.
             Slain by Grinder (6 damage)
             ... on level 2 of the Dungeon.
             The game lasted 00:13:16 (2825 turns).

potato4science the Conjurer (Deep Elf Conjurer)     Turns: 2825, Time: 00:13:16

Health: -1/25      AC:  3    Str: 11    XL:     4   Next: 67%
Magic:  17/21      EV: 12    Int: 23    God:
Gold:   32         SH:  0    Dex: 13    Spells: 8/11 levels left

rFire    . . .     SeeInvis .   b - +0 short sword (elec)
rCold    . . .     Faith    .   (no shield)
rNeg     . . .     Spirit   .   a - +0 robe
rPois    .         Reflect  .   (no helmet)
rElec    .         Harm     .   k - +0 cloak
rCorr    .         Rampage  .   (no gloves)
Will     .....                  (no boots)
Stlth    ++........             (no amulet)
HPRegen  0.08/turn              f - ring of magical power
MPRegen  0.17/turn              i - +6 ring of strength

@: no status effects
A: no striking features
a: no special abilities


You were on level 2 of the Dungeon.
You visited 1 branch of the dungeon, and saw 3 of its levels.

You collected 32 gold pieces.

Inventory:

Hand Weapons
 b - a +0 short sword of electrocution (weapon)
Armour
 a - a +0 robe (worn)
 g - a +0 ring mail
 k - a +0 cloak (worn)
Jewellery
 f - a ring of magical power (left hand)
 i - a +6 ring of strength (right hand)
Scrolls
 h - a scroll of holy word {unknown}
 j - a scroll of teleportation {unknown}
Potions
 c - 3 potions of haste {unknown}
 d - a potion of might {unknown}
 e - a potion of brilliance {unknown}


   Skills:
 - Level 1.0 Fighting
 + Level 1.7 Armour
 - Level 3.0 Dodging
 - Level 3.0 Stealth
 - Level 4.0 Spellcasting
 - Level 5.0 Conjurations


You had 8 spell levels left.
You knew the following spells:

 Your Spells              Type           Power      Damage    Failure   Level
a - Magic Dart            Conj           100%       1d8       1%          1
b - Searing Ray           Conj           54%        3d5       1%          2

Your spell library contained the following spells:

 Spells                   Type           Power      Damage    Failure   Level
 Dazzling Flash           Conj/Hex       32%        N/A       11%         3
 Ozocubu's Armour         Ice            4%         N/A       30%         3
 Portal Projectile        Hex/Tloc       8%         N/A       30%         3
 Tukima's Dance           Hex            4%         N/A       30%         3
 Fulminant Prism          Conj/Hex       8%         3d7       36%         4
 Iskenderun's Mystic Bla  Conj/Tloc      16%        2d5       36%         4
 Passage of Golubria      Tloc           N/A        N/A       71%         4
 Blade Hands              Tmut           2%         N/A       96%         5
 Excruciating Wounds      Necr           2%         N/A       96%         5
 Yara's Violent Unravell  Hex/Tmut       2%         3d3       96%         5
 Ozocubu's Refrigeration  Ice            2%         4d5       100%        7


Dungeon Overview and Level Annotations

Branches:
Dungeon (3/15)

Altars:

Annotations:
D:2 Grinder
D:3 Sigmund


Message History

A mysterious force pulls you upwards. The hatch slams shut behind you.
A worm comes into view.
You can't go down here!
Casting: Searing Ray (safe; 1% risk of failure)
Confirm with . or Enter, or press ? or * to list all spells.
Aiming: Searing Ray (safe; 1% risk of failure)
Press: ? - help, Shift-Dir - straight line, f - worm
Aim: a worm (wandering, hasn't noticed you, 93% to hit)
The searing ray hits the worm!
The worm is severely wounded. (Press . to maintain the ray.)
The searing ray hits the worm!
You kill the worm!
You start resting.
Magic restored.
There is a stone staircase leading down here.
You climb downwards.
Grinder shouts!
A giant cockroach comes into view.
Found a scroll labelled BOBRAA XYADO and 10 gold pieces.
Found a stone staircase leading down.
There is a stone staircase leading up here.
Grinder hits you.
You writhe in agony.
You climb upwards.
There is a stone staircase leading down here.
Casting: Searing Ray (safe; 1% risk of failure)
Confirm with . or Enter, or press ? or * to list all spells.
Aiming: Searing Ray (safe; 1% risk of failure)
Press: ? - help, Shift-Dir - straight line, f - Grinder
Aim: Grinder (77% to hit)
The searing ray misses Grinder. (Press . to maintain the ray.) Grinder hits you!
You writhe in agony.
The searing ray misses Grinder.
Grinder hits you.
The searing ray hits Grinder!
Grinder is moderately wounded.
Grinder hits you.
* * * LOW HITPOINT WARNING * * *
You writhe in agony.
You die...

######
#.##........(...#......#
.....#
#.#####.#########.###..#
####.#####.# #.# #.....# #..#
#.##....# ##.## #.###.###..#
#.##.#### ##...## #.# #......#
#.##.# ##.###.###.# ###.##.#
#.##.# #.## ##.##.## ##.##.#
#.##.#####.#####.....###...#.#
#.##.##......@##.##..........#
#.##.##.#####5#.###..###...###
#.##.##.# #...)....# ##.##
#.......# #.#####..# #.#
####.##.# #.#####..####.####
#.##.#####...........#.....
#.............###.##.######
######...########.##.......
##...........#########


You could see Grinder.

Vanquished Creatures
  Crazy Yiuf (D:2)
  Terence (D:2)
  An adder (D:2)
  A worm (D:2)
  A dart slug (D:1)
  2 ball pythons (D:2)
  5 bats
  7 endoplasms
  A giant cockroach (D:1)
  7 goblins
  3 hobgoblins (D:1)
  2 jackals (D:1)
  A quokka (D:1)
  A frilled lizard (D:1)
  3 kobolds (D:1)
  4 rats
41 creatures vanquished.

Notes
Turn   | Place    | Note
-------+----------+-------------------------------------------
     0 | D:1      | potato4science the Deep Elf Conjurer began the quest for
                  | the Orb.
     0 | D:1      | Reached XP level 1. HP: 10/10 MP: 6/6
   260 | D:1      | Found a faded altar of an unknown god.
   312 | D:1      | Reached XP level 2. HP: 15/15 MP: 4/8
   349 | D:1      | Learned a level 2 spell: Searing Ray
   550 | D:1      | Reached skill level 5 in Conjurations
   885 | D:1      | Reached XP level 3. HP: 19/19 MP: 2/9
  1410 | D:2      | Noticed Terence
  1414 | D:2      | Killed Terence
  1415 | D:2      | Reached skill level 1 in Fighting
  1415 | D:2      | Reached skill level 1 in Armour
  1600 | D:2      | Reached XP level 4. HP: 25/25 MP: 11/11
  1831 | D:2      | Found a runed translucent door.
  1832 | D:2      | Noticed Crazy Yiuf
  2391 | D:2      | Killed Crazy Yiuf
  2820 | D:3      | Noticed Sigmund
  2820 | D:3      | Noticed Grinder
  2825 | D:2      | Slain by Grinder

Illustrated notes

Levels and vault maps discovered:
D:1:      dpeg_arrival_stone_temple_mockup, layout_loops_corners,
          shapermc_ecumenical_altar_mp_highgroup
D:2:      layout_loops_ring, uniq_crazy_yiuf_cottage, uniq_terence
D:3:      layout_rooms, grunt_temple_overflow_bloody_war,
          makhleb_altar_promises_db, nicolae_ru_great_annihilating_truth,
          uniq_ijyb, uniq_robin, uniq_sigmund, uniq_grinder

Skill      XL: |  1  2  3  4 |
---------------+-------------+-----
Stealth        | 3 |  3.0
Conjurations   | 5 |  5.0
Dodging        | 3 |  3.0
Fighting       | 1 |  1.0
Armour         | 1 |  1.7
Spellcasting   | 4 |  4.0

Action                   |  1- 3 |  4- 6 || total
-------------------------+-------+-------++-------
Melee: Short sword       |     1 |       ||     1
 Cast: Magic Dart        |    56 |    12 ||    68
       Searing Ray       |     6 |     7 ||    13
Armor: Robe              |     2 |       ||     2
Dodge: Dodged            |    10 |     4 ||    14
